 Dungeon Crawl Stone Soup version 0.30-a0-137-gd8773701ce (webtiles) character file.

Game seed: 13506080222903014677

67 Pilot the Digger (level 4, -1/24 HPs)
             Began as a Gargoyle Earth Elementalist on Sept 21, 2022.
             Killed from afar by an orc wizard (8 damage)
             ... with a puff of flame
             ... on level 2 of the Dungeon.
             The game lasted 00:06:51 (1498 turns).

Pilot the Digger (Gargoyle Earth Elementalist)      Turns: 1498, Time: 00:06:51

Health: -1/24      AC:  8    Str: 12    XL:     4   Next: 16%
Magic:  2/7        EV: 12    Int: 17    God:
Gold:   95         SH:  0    Dex: 10    Spells: 6/7 levels left

rFire   . . .      SeeInvis .    k - +2 spear (flame)
rCold   . . .      Faith    .    (no shield)
rNeg    + . .      Spirit   .    a - +0 robe
rPois   ∞          Reflect  .    (no helmet)
rElec   +          Harm     .    f - +2 cloak
rCorr   .          Rampage  .    (no gloves)
Will    .....                    (no boots)
Stlth   +.........               (no amulet)
HPRegen 0.08/turn                (no ring)
MPRegen 0.10/turn                (no ring)

@: confused, very slightly contaminated
A: sickness immunity, AC +3, negative energy resistance 1, electricity
resistance, torment resistance 1, petrification resistance
a: no special abilities


You were on level 2 of the Dungeon.
You visited 1 branch of the dungeon, and saw 2 of its levels.

You collected 95 gold pieces.

Inventory:

Hand Weapons
 k - a +2 spear of flaming (weapon)
Missiles
 c - a throwing net
 j - 19 stones
 l - 4 poisoned darts
Armour
 a - a +0 robe (worn)
 f - a +2 cloak (worn)
Scrolls
 h - a scroll of silence {unknown}
 i - 2 scrolls of magic mapping {unknown}
Potions
 b - a potion of magic
 d - 3 potions of degeneration {unknown}
 e - a potion of flight {unknown}
 g - a potion of curing {unknown}


   Skills:
 + Level 0.8 Fighting
 + Level 1.0 Throwing
 + Level 2.0 Dodging
 + Level 2.9 Stealth
 - Level 2.1 Spellcasting
 + Level 1.4 Transmutations
 + Level 4.1 Earth Magic


You had 6 spell levels left.
You knew the following spells:

 Your Spells              Type           Power      Damage    Failure   Level
a - Sandblast             Erth           30%        2d9       3%          1

Your spell library contained the following spells:

 Spells                   Type           Power      Damage    Failure   Level
 Passwall                 Tmut/Erth      9%         N/A       10%         2
 Stone Arrow              Conj/Erth      16%        3d8       24%         3
 Petrify                  Tmut/Erth      11%        N/A       52%         4


Dungeon Overview and Level Annotations

Branches:
Dungeon (2/15)

Altars:


Innate Abilities, Weirdness & Mutations

You are immune to sickness and miasma.
Your stone body is resilient. (AC +3)
You are immune to poison.
You resist negative energy. (rN+)
You are resistant to electric shocks. (rElec)
You are resistant to unholy torment.
You are immune to petrification.


Message History

Aiming: Sandblast (safe; 3% risk of failure)
Press: ? - help, Shift-Dir - straight line Something completely misses you.
Casting: Sandblast (safe; 3% risk of failure)
Confirm with . or Enter, or press ? or * to list all spells.
Aiming: Sandblast (safe; 3% risk of failure)
Press: ? - help, Shift-Dir - straight line The blast of sand hits something.
Something hits you. Something barely misses you.
Casting: Sandblast (safe; 3% risk of failure)
Confirm with . or Enter, or press ? or * to list all spells.
Aiming: Sandblast (safe; 3% risk of failure)
Press: ? - help, Shift-Dir - straight line You hear some strange, mumbled words.
A magic dart appears from out of thin air!
The magic dart hits you!
Casting: Sandblast (safe; 3% risk of failure)
Confirm with . or Enter, or press ? or * to list all spells.
Aiming: Sandblast (safe; 3% risk of failure)
Press: ? - help, Shift-Dir - straight line The blast of sand hits something.
Something hits you but does no damage. Something hits you.
Casting: Sandblast (safe; 3% risk of failure)
Confirm with . or Enter, or press ? or * to list all spells.
Aiming: Sandblast (safe; 3% risk of failure)
Press: ? - help, Shift-Dir - straight line You miscast Sandblast.
You are very lightly contaminated with residual magic.
Nothing appears to happen.
Something hits you but does no damage. Something hits you but does no damage.
You barely miss something.
You hear some strange, mumbled words.
A puff of flame appears from out of thin air!
The puff of flame hits you.
* * * LOW HITPOINT WARNING * * *
You hear some strange, mumbled words.
You are confused.
A puff of flame appears from out of thin air!
The puff of flame hits you!
You die...

.## ... #######.. ...
....... ... #######
#..#.###.# #(....#
##.#)#... #.###{#
#....#.# #.# #.##...#
#.###.##.###
#.@...##.# ########.#
#....# #####.####
#......#
#......######.#
#.....<.......#
#######......########
#.....#......#


There were no monsters in sight!

Vanquished Creatures
  3 gnolls
  An adder (D:2)
  A worm (D:2)
  4 ball pythons (D:1)
  An endoplasm (D:1)
  A goblin (D:1)
  2 hobgoblins (D:1)
  2 jackals (D:1)
  3 kobolds (D:1)
  A quokka (D:1)
  4 bats
  4 rats
27 creatures vanquished.

Notes
Turn   | Place    | Note
-------+----------+-------------------------------------------
     0 | D:1      | Pilot the Gargoyle Earth Elementalist began the quest for
                  | the Orb.
     0 | D:1      | Reached XP level 1. HP: 10/10 MP: 3/3
   240 | D:1      | Reached skill level 1 in Transmutations
   240 | D:1      | Reached XP level 2. HP: 15/15 MP: 3/5
  1047 | D:2      | Reached XP level 3. HP: 19/19 MP: 4/6
  1060 | D:1      | Reached skill level 4 in Earth Magic
  1155 | D:2      | Reached XP level 4. HP: 12/24 MP: 0/7
  1437 | D:2      | Reached skill level 1 in Throwing
  1498 | D:2      | Killed from afar by an orc wizard

Illustrated notes

Levels and vault maps discovered:
D:1:      matt_arrival_refuge, layout_loops_ring, amethyst_killhole
D:2:      layout_basic, nicolae_ecumenical_oubliette

Skill      XL: |  1  2  3  4 |
---------------+-------------+-----
Transmutations | 1 |  1.4
Earth Magic    | 4 |  4.1
Dodging        | 2 |  2.0
Throwing       | 1 |  1.0
Fighting       | |  0.8
Stealth        | |  2.9
Spellcasting   | |  2.1

Action                   |  1- 3 |  4- 6 || total
-------------------------+-------+-------++-------
Melee: Unarmed           |    18 |       ||    18
       Spear             |     1 |     3 ||     4
Throw: Dart              |       |     2 ||     2
 Cast: Sandblast         |    30 |    12 ||    42
Armor: Robe              |     6 |     4 ||    10
Dodge: Dodged            |    20 |     4 ||    24

Table legend: (Time is in decaauts)
 A = Elapsed time spent in this place.
 B = Non-inter-level travel time spent in this place.
 C = Inter-level travel time spent in this place.
 D = Time resting spent in this place.
 E = Time spent auto-exploring this place.
 F = Levels seen in this place.
 G = Mean time per level.
                   A        B        C        D        E       F      G
               +--------+--------+--------+--------+--------+-----+--------+
         Total |   1520 |   1316 |    204 |      0 |   1076 |   2 |  760.0 |
       Dungeon |   1520 |   1316 |    204 |      0 |   1076 |   2 |  760.0 |
               +--------+--------+--------+--------+--------+-----+--------+

Top non-repeatable levels by time:
     D:1: 1273 daAuts
     D:2: 246 daAuts
